 Dungeon Crawl Stone Soup version 0.31-a0-588-g14bffd4ff3 (webtiles) character file.

Game seed: 2527717430971211577

219 Conn the Firebug (level 5, -3/31 HPs)
             Began as an Octopode Fire Elementalist on Aug 19, 2023.
             Was an Initiate of Sif Muna.
             Slain by an iguana (12 damage)
             ... on level 5 of the Dungeon.
             The game lasted 00:05:45 (3841 turns).

Conn the Firebug (Octopode Fire Elementalist)       Turns: 3841, Time: 00:05:46

Health: -3/31      AC:  1    Str:  8    XL:     5   Next: 96%
Magic:  7/9        EV: 13    Int: 19    God:    Sif Muna [......]
Gold:   216        SH:  0    Dex: 12    Spells: 4/10 levels left

rFire   . . .        f - +0 dagger
rCold   . . .        (no shield)
rNeg    . . .        (helmet restricted)
rPois   .            (no amulet)
rElec   .            (no ring)
rCorr   .            (no ring)
SInv    .            (no ring)
Will    .....        (no ring)
Stlth   +++          (no ring)
HPRegen 0.25/turn    (no ring)
MPRegen 0.11/turn    (no ring)
                     (no ring)

%: no passive effects
@: mighty
A: almost no armour, amphibious, 8 rings, camouflage 1, gelatinous body 1,
(nimble swimmer 1), tentacles
a: Renounce Religion


You were on level 5 of the Dungeon.
You worshipped Sif Muna.
Sif Muna was noncommittal.
You visited 2 branches of the dungeon, and saw 6 of its levels.

You collected 216 gold pieces.

Inventory:

Hand Weapons
 f - a +0 dagger (weapon)
Missiles
 r - 5 curare-tipped darts
Wands
 a - a wand of flame (13)
 v - a wand of quicksilver (12)
Scrolls
 c - a scroll of enchant armour {unknown}
 d - 3 scrolls of fog {unknown}
 e - a scroll of silence {unknown}
 h - 2 scrolls of brand weapon {unknown}
 j - 4 scrolls of identify {unknown}
 k - a scroll of fear {unknown}
 l - a scroll of enchant weapon {unknown}
 m - a scroll of summoning {unknown}
 p - 2 scrolls of teleportation {unknown}
 q - a scroll of noise {unknown}
 s - 2 scrolls of blinking {unknown}
Potions
 b - a potion of mutation {unknown}
 g - 2 potions of might
 i - a potion of heal wounds {unknown}
 n - a potion of attraction {unknown}
 o - a potion of curing {unknown}
 t - a potion of haste {unknown}
 u - a potion of magic


   Skills:
 + Level 0.1 Fighting
 + Level 0.7 Short Blades
 + Level 2.3 Dodging
 + Level 4.1 Stealth
 + Level 3.1 Spellcasting
 + Level 1.9 Conjurations
 + Level 4.6 Fire Magic


You had 4 spell levels left.
You knew the following spells:

 Your Spells              Type           Power      Damage    Failure   Level
a - Foxfire               Conj/Fire      60%        2x1d7     4%          1
b - Scorch                Fire           40%        2d6       3%          2
c - Inner Flame           Hex/Fire       11%        N/A       17%         3

Your spell library contained the following spells:

 Spells                   Type           Power      Damage    Failure   Level
 Apportation              Tloc           4%         N/A       16%         1
 Necrotise                Necr           8%         1d4       16%         1
 Summon Small Mammal      Summ           8%         N/A       16%         1
 Volatile Blastmotes      Fire/Tloc      22%        2d11      17%         3
 Flame Wave               Conj/Fire      15%        2d7       36%         4
 Leda's Liquefaction      Hex/Erth       1%         N/A       83%         4
 Lee's Rapid Deconstruct  Erth           1%         3d4*      99%         5
 Leda's Unmaking          Conj/Erth      3%         9d1       100%        6
 Simulacrum               Ice/Necr       1%         N/A       100%        6
 Ozocubu's Refrigeration  Ice            1%         4d7       100%        7
 Polar Vortex             Ice            1%         N/A       100%        9


Dungeon Overview and Level Annotations

Branches:
Dungeon (5/15)             Temple (1/1) D:5

Altars:
Cheibriados
Dithmenos
Elyvilon
Fedhas
Gozag
Kikubaaqudgha
Makhleb
Okawaru
Qazlal
Ru
Sif Muna
Uskayaw
Vehumet
Wu Jian
Zin
The Shining One

Annotations:
D:4 Edmund, Natasha, Pikel


Innate Abilities, Weirdness & Mutations

You cannot wear most types of armour.
You are amphibious.
You can wear up to eight rings at the same time.
Your skin changes colour to match your surroundings (Stealth+).
Your rubbery body absorbs attacks. (AC +1, EV +1)
((You are camouflaged when in or above water. (Stealth+)))
You have tentacles for arms and can constrict up to eight enemies at once.


Message History

There is an ornate altar of the Wu Jian Council here.
You enter the shallow water.
There is a staircase back to the Dungeon here.
You climb upwards.
Welcome back to the Dungeon!
There is a staircase to the Ecumenical Temple here.
Found a ring mail.
Found a shimmering blue altar of Sif Muna.
An iguana comes into view.
A hound comes into view.
You see here a +0 ring mail.
The iguana hisses menacingly.
The iguana closely misses you.
There is a shimmering blue altar of Sif Muna here.
You curl up in front of the altar of Sif Muna.
Sif Muna welcomes you! The iguana bites you!
Unknown command.
Press < or > to pray at altars.
Unknown command.
Press < or > to pray at altars.
Casting: Foxfire (safe; 4% risk of failure)
Confirm with . or Enter, or press ? or * to list all spells.
Flames lash the iguana.
The iguana is moderately wounded.
The iguana's fire resistance burns away.
You hear a bark!
The iguana bites you!
* * * LOW HITPOINT WARNING * * *
Casting: Scorch (safe; 3% risk of failure)
Confirm with . or Enter, or press ? or * to list all spells.
You don't know that spell.
Casting: Scorch (safe; 3% risk of failure)
Confirm with . or Enter, or press ? or * to list all spells.
Okay, then.
Unknown command.
Press < or > to pray at altars.
It was a potion of might.
You feel very mighty all of a sudden. The iguana bites you!
You die...

#.........########
###+####### # ### ..
##.. .# #
##..###.#..
#####.......#.#
......≈.@.≈.#.# ..
.......[l.....# ...
...h..#.......##....
..... +.............
.... #............
... #$##.##.##.##.#
## #.#.........#.#
#.............#
#.#..⌠...⌠..#.#


You could see an iguana (combustible) and a hound.

Vanquished Creatures
  A howler monkey (D:5)
  A hound (D:5)
  Terence (D:2)
  4 adders
  An ufetubus (D:5)
  3 dart slugs
  4 worms
  4 orcs
  4 endoplasms
  3 giant cockroaches (D:2)
  6 goblins
  2 hobgoblins
  3 jackals (D:2)
  2 quokkas
  7 ball pythons
  9 bats
  2 frilled lizards
  3 kobolds
  6 rats
66 creatures vanquished.

Vanquished Creatures (others)
  153 foxfires
153 creatures vanquished.

Grand Total: 219 creatures vanquished

Notes
Turn   | Place    | Note
-------+----------+-------------------------------------------
     0 | D:1      | Conn the Octopode Fire Elementalist began the quest for the
                  | Orb.
     0 | D:1      | Reached XP level 1. HP: 11/11 MP: 3/3
   288 | D:1      | Reached XP level 2. HP: 16/17 MP: 1/5
  1268 | D:2      | Reached XP level 3. HP: 21/21 MP: 2/6
  1336 | D:2      | Noticed Terence
  1603 | D:2      | Identified the +3 robe "Aghigu" {Int+3 Dex+3}
  1614 | D:2      | HP: 1/21 [Terence/puff of flame (9)]
  1703 | D:3      | Learned a level 2 spell: Scorch
  1707 | D:3      | Learned a level 3 spell: Inner Flame
  1718 | D:2      | Killed Terence
  1719 | D:2      | Reached XP level 4. HP: 27/27 MP: 2/7
  2522 | D:3      | Reached XP level 5. HP: 31/31 MP: 3/9
  2744 | D:3      | Found a faded altar of an unknown god.
  2893 | D:4      | Noticed Edmund
  2897 | D:4      | Noticed Natasha
  3002 | D:4      | Noticed a lemure
  3002 | D:4      | Noticed a lemure
  3003 | D:4      | Noticed Pikel
  3003 | D:4      | Noticed a lemure
  3003 | D:4      | Noticed a lemure
  3013 | D:5      | Entered Level 5 of the Dungeon
  3348 | D:5      | Found a snail-covered altar of Cheibriados.
  3779 | D:5      | Found a staircase to the Ecumenical Temple.
  3788 | Temple   | Entered the Ecumenical Temple
  3831 | D:5      | Found a shimmering blue altar of Sif Muna.
  3839 | D:5      | Became a worshipper of Sif Muna the Loreminder
  3841 | D:5      | Slain by an iguana

Illustrated notes

Levels and vault maps discovered:
D:1:      dpeg_arrival_shelter, layout_basic, nicolae_eternal_life
D:2:      layout_loops_ring, minmay_worlds_worst_comb, uniq_terence
D:3:      layout_rooms, hellmonk_ecumenical_altar_leap_of_faith,
          grunt_decor_fettered
D:4:      layout_rooms, nicolae_overflow_crystal_walls, uniq_duvessa,
          uniq_pikel, uniq_natasha, uniq_edmund
D:5:      layout_basic, mainiacjoe_overflow_alcove_2,
          mainiacjoe_overflow_tiny_flanked, minmay_temple_entry_large_hall,
          grunt_ministairs_1
Temple:   nicolae_temple_bog_church

Skill      XL: |  1  2  3  4  5 |
---------------+----------------+-----
Stealth        | 3 4 |  4.1
Fire Magic     | 4 |  4.6
Spellcasting   | 3 |  3.1
Fighting       | |  0.1
Short Blades   | |  0.7
Dodging        | |  2.3
Conjurations   | |  1.9

Action                     |  1- 3 |  4- 6 || total
---------------------------+-------+-------++-------
  Melee: Unarmed           |     5 |       ||     5
         Tentacles         |     6 |    10 ||    16
         Dagger            |    11 |    33 ||    44
         Constrict         |     3 |    10 ||    13
   Cast: Foxfire           |    47 |    46 ||    93
         Scorch            |     2 |     8 ||    10
         Inner Flame       |     1 |     1 ||     2
    Use: Potion            |     1 |     1 ||     2
   Stab: Sleeping          |     1 |     7 ||     8
 Armour: Skin              |     3 |     4 ||     7
  Dodge: Dodged            |    23 |    28 ||    51

Table legend: (Time is in decaauts)
 A = Elapsed time spent in this place.
 B = Non-inter-level travel time spent in this place.
 C = Inter-level travel time spent in this place.
 D = Time resting spent in this place.
 E = Time spent auto-exploring this place.
 F = Levels seen in this place.
 G = Mean time per level.
                   A        B        C        D        E       F      G
               +--------+--------+--------+--------+--------+-----+--------+
         Total |   3839 |   3707 |    132 |    145 |   2749 |   6 |  639.8 |
       Dungeon |   3799 |   3672 |    127 |    145 |   2749 |   5 |  759.8 |
        Temple |     39 |     34 |      5 |      0 |      0 |   1 |   39.0 |
               +--------+--------+--------+--------+--------+-----+--------+

Top non-repeatable levels by time:
     D:2: 1108 daAuts
     D:1: 1028 daAuts
     D:3: 796 daAuts
     D:5: 788 daAuts
     D:4: 78 daAuts
  Temple: 39 daAuts
